 Dungeon Crawl Stone Soup version 0.23-a0-639-ga9a3373 (webtiles) character file.

1504 zishaf the Thaumaturge (level 8, -10/58 HPs)
             Began as a Gnoll Wizard on Dec 30, 2018.
             Was an Initiate of Sif Muna.
             Mangled by a two-headed ogre
             ... wielding a +0 dire flail
              (32 damage)
             ... on level 5 of the Dungeon.
             The game lasted 00:14:14 (6012 turns).

zishaf the Thaumaturge (Gnoll Wizard)               Turns: 6012, Time: 00:14:14

Health: -10/58     AC:  5    Str: 10    XL:     8   Next: 82%
Magic:  20/20      EV: 16    Int: 22    God:    Sif Muna [......]
Gold:   684        SH:  0    Dex: 14    Spells: 12/23 levels left

rFire    . . .     SeeInvis .   a - +2 dagger (drain)
rCold    . . .     Gourm    .   (no shield)
rNeg     . . .     Faith    .   c - +0 leather armour (curse)
rPois    .         Spirit   .   s - +1 helmet
rElec    .         Reflect  .   (no cloak)
rCorr    .         Harm     .   (no gloves)
MR       .....                  (no boots)
Stlth    +++.......             (no amulet)
HPRegen  0.19/turn              j - +1 ring of evasion
MPRegen  0.17/turn              x - ring of flight

@: no status effects
A: distributed training, fangs 1, strong nose
a: Renounce Religion, Evoke Flight


You were on level 5 of the Dungeon.
You worshipped Sif Muna.
Sif Muna was noncommittal.
You were not hungry.

You visited 2 branches of the dungeon, and saw 6 of its levels.

You collected 684 gold pieces.

Inventory:

Hand Weapons
 a - a +2 dagger of draining (weapon)
 b - a +3 hunting sling of velocity
Missiles
 n - 7 curare-tipped needles
 o - 59 poisoned needles
 q - 184 stones (quivered)
 r - 24 sling bullets
Armour
 c - a cursed +0 leather armour (worn)
 e - a +0 robe
 k - a +0 hat
 s - a +1 helmet (worn)
 z - a +2 robe
 A - a +1 leather armour of magic resistance
Jewellery
 j - a +1 ring of evasion (left hand)
 x - a ring of flight (right hand)
Scrolls
 m - a scroll of enchant armour
 t - a scroll of immolation
 u - 2 scrolls of teleportation
Potions
 f - 2 potions of flight
 g - a potion of haste
 h - 2 potions of brilliance
 v - 2 potions of heal wounds
 w - a potion of mutation
Comestibles
 d - 3 rations
 i - 2 chunks of flesh


   Skills:
 + Level 3.5 Fighting
 + Level 3.5 Short Blades
 + Level 3.5 Long Blades
 + Level 3.5 Axes
 + Level 3.5 Maces & Flails
 + Level 3.5 Polearms
 + Level 3.5 Staves
 + Level 3.5 Slings
 + Level 3.5 Bows
 + Level 3.5 Crossbows
 + Level 3.5 Throwing
 + Level 3.5 Armour
 + Level 5.8 Dodging
 + Level 5.5 Stealth
 + Level 3.5 Shields
 + Level 3.5 Unarmed Combat
 + Level 8.0 Spellcasting
 + Level 3.6 Conjurations
 + Level 2.9 Hexes
 + Level 2.9 Charms
 + Level 3.6 Summonings
 + Level 2.9 Necromancy
 + Level 3.6 Translocations
 + Level 2.9 Transmutations
 + Level 2.9 Fire Magic
 + Level 2.9 Ice Magic
 + Level 2.9 Air Magic
 + Level 2.9 Earth Magic
 + Level 2.9 Poison Magic
 + Level 3.9 Invocations
 + Level 3.5 Evocations


You had 12 spell levels left.
You knew the following spells:

 Your Spells              Type           Power        Failure   Level  Hunger
a - Magic Dart            Conj           ####         2%          1    None
b - Call Imp              Summ           ####....     3%          2    None
c - Conjure Flame         Conj/Fire      ###.....     8%          3    None
d - Blink                 Tloc           N/A          3%          2    None
z - Mephitic Cloud        Conj/Pois/Air  ###.....     8%          3    None

Your spell library contained the following spells:

 Spells                   Type           Power        Failure   Level  Hunger
 Beastly Appendage        Tmut           ###...       3%          1    None
 Slow                     Hex            ###.....     4%          2    None
 Sticks to Snakes         Tmut           ###.....     4%          2    None
 Spider Form              Tmut/Pois      ###.......   9%          3    None
 Ice Form                 Ice/Tmut       ###.....     28%         4    ###....
 Blade Hands              Tmut           ###.......   63%         5    #####..


Dungeon Overview and Level Annotations

Branches:
Dungeon (5/15)             Temple (1/1) D:5

Altars:
Ashenzari
Cheibriados
Dithmenos
Elyvilon
Fedhas
Gozag
Hepliaklqana
Kikubaaqudgha
Makhleb
Okawaru
Qazlal
Ru
Sif Muna
Trog
Uskayaw
Vehumet
Wu Jian
Xom
Yredelemnul
Zin
The Shining One


Innate Abilities, Weirdness & Mutations

Your experience applies equally to all skills.
You have very sharp teeth.
Your uncanny sense of smell can sniff out nearby items.


Message History

A quasit comes into view.
You hit the crimson imp.
The crimson imp is lightly wounded.
You miss the crimson imp.
The crimson imp is lightly wounded.
The quasit bites you but does no damage.
The quasit claws you. The quasit barely misses you. The crimson imp hits you.
You closely miss the crimson imp. The quasit closely misses you.
The quasit claws you but does no damage.
The quasit closely misses you.
The crimson imp blinks!
A two-headed ogre comes into view.
It is wielding a +0 dire flail and a +0 Gozag incites the two-headed ogre against you.
The two-headed ogre goes berserk!
The two-headed ogre shouts in stereo!
You closely miss the two-headed ogre.
The two-headed ogre hits you with a +0 dire flail!!
The two-headed ogre hits you with a +0 giant club!
The two-headed ogre hits you with a +0 dire flail!!
Ouch! That really hurt!
You die...

#..##.)....##.#
#..##..##.###.#
#######..##..##.###.#
#(.......##.........#
#.#####.###..##.###.#
###. #.# #..##.###.#
#...#####.###.........#
#.#.5..................
#...##@.##.#.#.##>###.#
#.ยง#.O###.#..#.##......
#(###.$#..##.######..
#5## .##..###.# ### .$#
:. #.% ... ##. # ... #+#
# ..#


You could see a two-headed ogre (berserk), a quasit and a crimson imp.

Vanquished Creatures
  Pikel (D:4)
  A soldier ant (D:5)
  Duvessa (D:5)
  2 slaves (D:4)
  A phantom (D:4)
  2 ogres (D:5)
  A centaur (D:5)
  Dowan (D:5)
  A crimson imp (D:5)
  2 orc priests (D:3)
  A centaur skeleton (D:5)
  2 orc wizards
  3 worker ants (D:4)
  Robin (D:3)
  3 gnolls (D:5)
  4 adders
  An adder skeleton (D:4)
  3 worms
  4 dart slugs
  3 leopard geckos
  13 orcs
  5 giant cockroaches
  14 goblins
  6 hobgoblins
  A quokka (D:5)
  A ball python (D:1)
  15 bats
  3 frilled lizards
  A giant cockroach zombie (D:5)
  4 kobolds
  9 rats
110 creatures vanquished.

Notes
Turn   | Place    | Note
-------+----------+-------------------------------------------
     0 | D:1      | zishaf the Gnoll Wizard began the quest for the Orb.
     0 | D:1      | Reached XP level 1. HP: 13/13 MP: 8/8
   199 | D:1      | Reached XP level 2. HP: 19/19 MP: 6/10
   589 | D:1      | Reached XP level 3. HP: 20/25 MP: 7/11
   917 | D:2      | Reached skill level 1 in Invocations
  1041 | D:2      | Reached skill level 1 in Fighting
  1041 | D:2      | Reached skill level 1 in Short Blades
  1041 | D:2      | Reached skill level 1 in Long Blades
  1041 | D:2      | Reached skill level 1 in Axes
  1041 | D:2      | Reached skill level 1 in Maces & Flails
  1041 | D:2      | Reached skill level 1 in Polearms
  1041 | D:2      | Reached skill level 1 in Staves
  1041 | D:2      | Reached skill level 1 in Slings
  1041 | D:2      | Reached skill level 1 in Bows
  1041 | D:2      | Reached skill level 1 in Crossbows
  1041 | D:2      | Reached skill level 1 in Throwing
  1041 | D:2      | Reached skill level 1 in Armour
  1041 | D:2      | Reached skill level 1 in Shields
  1041 | D:2      | Reached skill level 1 in Unarmed Combat
  1041 | D:2      | Reached skill level 1 in Evocations
  1061 | D:2      | Learned a level 2 spell: Call Imp
  1065 | D:2      | Learned a level 3 spell: Conjure Flame
  1068 | D:2      | Learned a level 2 spell: Blink
  1072 | D:2      | Learned a level 3 spell: Mephitic Cloud
  1119 | D:2      | Reached XP level 4. HP: 32/32 MP: 13/13
  1371 | D:2      | Found a faded altar of an unknown god.
  1391 | D:2      | Became a worshipper of Gozag Ym Sagoz the Greedy
  1555 | D:3      | Noticed Robin
  1905 | D:3      | Killed Robin
  1905 | D:3      | Reached skill level 1 in Hexes
  1905 | D:3      | Reached skill level 1 in Charms
  1905 | D:3      | Reached skill level 1 in Necromancy
  1905 | D:3      | Reached skill level 1 in Transmutations
  1905 | D:3      | Reached skill level 1 in Fire Magic
  1905 | D:3      | Reached skill level 1 in Ice Magic
  1905 | D:3      | Reached skill level 1 in Air Magic
  1905 | D:3      | Reached skill level 1 in Earth Magic
  1905 | D:3      | Reached skill level 1 in Poison Magic
  2298 | D:3      | Reached XP level 5. HP: 28/37 MP: 11/14
  2514 | D:3      | Found an iron altar of Okawaru.
  3139 | D:4      | Reached XP level 6. HP: 44/44 MP: 9/16
  3444 | D:4      | Noticed a phantom
  3464 | D:4      | Killed a phantom
  3464 | D:4      | Reached skill level 5 in Dodging
  3710 | D:4      | Noticed a slave
  3711 | D:4      | Noticed Pikel
  3711 | D:4      | Noticed a slave
  3712 | D:4      | Noticed a slave
  3712 | D:4      | Noticed a slave
  4445 | D:4      | Killed a slave
  4463 | D:4      | Killed a slave
  4504 | D:4      | Killed Pikel
  4504 | D:4      | Reached skill level 5 in Stealth
  4504 | D:4      | Reached XP level 7. HP: 51/51 MP: 4/18
  4504 | D:4      | Reached XP level 8. HP: 57/57 MP: 4/19
  4693 | D:5      | Entered Level 5 of the Dungeon
  4862 | D:5      | Noticed Dowan
  4863 | D:5      | Noticed Duvessa
  4908 | D:5      | Found a staircase to the Ecumenical Temple.
  4931 | D:5      | Killed Duvessa
  4943 | D:5      | Killed Dowan
  5151 | Temple   | Entered the Ecumenical Temple
  5288 | Temple   | Fell from the grace of Gozag
  5288 | Temple   | Became a worshipper of Sif Muna the Loreminder
  5553 | D:5      | Reached skill level 8 in Spellcasting
  5589 | D:5      | Noticed a vampire
  5918 | D:5      | Found a hazy altar of Hepliaklqana.
  6008 | D:5      | Noticed a two-headed ogre
  6012 | D:5      | Mangled by a two-headed ogre

Vault maps used:
D:1:      wander_arrival_desolate, minmay_crystal_water,
          minmay_misc_feat_pillars, minmay_tripent
D:2:      first_ration, chequers_ecumenical_altar_simple_redux
D:3:      okawaru_ov_weapons_minmay, uniq_robin
D:4:      uniq_pikel
D:5:      nicolae_overflow_crystal_walls, minmay_temple_entry_junction,
          kennysheep_pointless_box, minmay_manual_mess, uniq_duvessa
Temple:   regret_index_temple_chain_breaker

Skill      XL: |  1  2  3  4  5  6  7  8 |
---------------+-------------------------+-----
Conjurations   | 2 3 |  3.6
Summonings     | 2 3 |  3.6
Translocations | 2 3 |  3.6
Invocations    | 1 3 |  3.9
Fighting       | 1 2 3 |  3.5
Short Blades   | 1 2 3 |  3.5
Long Blades    | 1 2 3 |  3.5
Axes           | 1 2 3 |  3.5
Maces & Flails | 1 2 3 |  3.5
Polearms       | 1 2 3 |  3.5
Staves         | 1 2 3 |  3.5
Slings         | 1 2 3 |  3.5
Bows           | 1 2 3 |  3.5
Crossbows      | 1 2 3 |  3.5
Throwing       | 1 2 3 |  3.5
Armour         | 1 2 3 |  3.5
Shields        | 1 2 3 |  3.5
Unarmed Combat | 1 2 3 |  3.5
Evocations     | 1 2 3 |  3.5
Hexes          | 1 2 |  2.9
Charms         | 1 2 |  2.9
Necromancy     | 1 2 |  2.9
Transmutations | 1 2 |  2.9
Fire Magic     | 1 2 |  2.9
Ice Magic      | 1 2 |  2.9
Air Magic      | 1 2 |  2.9
Earth Magic    | 1 2 |  2.9
Poison Magic   | 1 2 |  2.9
Dodging        | 5 |  5.8
Stealth        | 5 |  5.5
Spellcasting   | 8 |  8.0

Action                   |  1- 3 |  4- 6 |  7- 9 || total
-------------------------+-------+-------+-------++-------
Melee: Unarmed           |     1 |       |       ||     1
       Dagger            |    11 |   125 |    35 ||   171
       Bite              |       |    13 |     4 ||    17
       Punch             |       |     1 |       ||     1
 Fire: Hunting sling     |       |   116 |    71 ||   187
 Cast: Magic Dart        |    64 |    32 |    18 ||   114
       Mephitic Cloud    |       |     3 |       ||     3
       Conjure Flame     |       |     8 |     8 ||    16
       Call Imp          |       |     4 |     2 ||     6
       Blink             |       |       |     1 ||     1
Invok: Potion Petition   |       |       |     1 ||     1
  Use: Scroll            |       |       |     9 ||     9
 Stab: Sleeping          |     4 |     2 |     1 ||     7
       Confused          |       |     3 |       ||     3
  Eat: Ration            |       |     3 |     1 ||     4
       Chunk             |       |     1 |     1 ||     2
Armor: Leather armour    |     4 |    35 |     9 ||    48
Dodge: Dodged            |    15 |   124 |    34 ||   173

Table legend:
 A = Non-vault XP
 B = Vault XP
 C = Vault XP percentage of total XP
 D = Non-vault monster count
 E = Vault monster count
 F = Vault count percentage of total count
                 A         B        C        D         E       F
            +---------+---------+-------+---------+---------+-------
      Total |    1053 |    1096 |  51.0 |      90 |      18 |  16.7
            +---------+---------+-------+---------+---------+-------
        D:1 |      41 |       2 |   4.7 |      23 |       2 |   8.0
        D:2 |      51 |       8 |  13.6 |      16 |       5 |  23.8
        D:3 |     179 |      25 |  12.3 |      27 |       6 |  18.2
        D:4 |     249 |     685 |  73.3 |       8 |       1 |  11.1
        D:5 |     533 |     376 |  41.4 |      16 |       4 |  20.0
            +---------+---------+-------+---------+---------+-------
